 Dungeon Crawl Stone Soup version 0.27.0-1-g7a089689b8 (webtiles) character file.

Game seed: 13892179201474186882

16563 EnegeticOcto the Cleaver (level 12, -3/108 HPs)
             Began as a Minotaur Fighter on Aug 8, 2021.
             Was a High Priest of Okawaru.
             Slain by a 13-headed hydra (4 damage)
             ... on level 12 of the Dungeon.
             The game lasted 00:05:31 (11014 turns).

EnegeticOcto the Cleaver (Minotaur Fighter)        Turns: 11014, Time: 00:05:31

Health: -3/108     AC: 25    Str: 26    XL:     12   Next: 11%
Magic:  0/15       EV: 11    Int:  5    God:    Okawaru [*****.]
Gold:   1127       SH: 12    Dex: 10    Spells: 11/11 levels left

rFire    . . .     SeeInvis .   a - +1 war axe
rCold    . . .     Faith    .   c - +0 kite shield
rNeg     + . .     Spirit   +   f - +0 plate armour {rN+}
rPois    .         Reflect  .   (helmet restricted)
rElec    .         Harm     .   r - +2 cloak
rCorr    .         Rampage  .   (no gloves)
Will     .....                  g - +2 pair of boots
Stlth    ..........             k - amulet of guardian spirit
HPRegen  0.28/turn              p - +4 ring of protection
MPRegen  0.14/turn              A - +4 ring of evasion

@: no status effects
A: horns 2, retaliatory headbutt
a: Renounce Religion, Heroism, Finesse


You were on level 12 of the Dungeon.
You worshipped Okawaru.
Okawaru was extremely pleased with you.
You visited 2 branches of the dungeon, and saw 13 of its levels.

You collected 1127 gold pieces.

Inventory:

Hand Weapons
 a - a +1 war axe (weapon)
 F - a +1 hand axe of flaming
Missiles
 G - a throwing net (quivered)
Armour
 c - a +0 kite shield (worn)
 f - a +0 plate armour of positive energy (worn)
 g - a +2 pair of boots (worn)
 r - a +2 cloak (worn)
Jewellery
 j - a ring of see invisible
 k - an amulet of guardian spirit (around neck)
 n - an amulet of reflection
 p - a +4 ring of protection (left hand)
 w - a +6 ring of dexterity
 A - a +4 ring of evasion (right hand)
 D - a ring of fire
Wands
 q - a wand of charming (10)
 s - a wand of paralysis (11)
 u - a wand of acid (21) {@v1}
Scrolls
 o - 5 scrolls of enchant weapon
 t - a scroll of blinking {@r4}
 y - 6 scrolls of teleportation {@r3}
 z - a scroll of immolation
 B - 5 scrolls of identify {@r1}
Potions
 b - 3 potions of heal wounds {@q2}
 d - 7 potions of might {@q3}
 e - 2 potions of brilliance
 h - 3 potions of mutation
 i - 4 potions of haste {@q4}
 l - 5 potions of curing {@q1}
 m - a potion of resistance {@q5}
 v - 2 potions of degeneration
 x - a potion of lignification {unknown}
 C - a potion of flight


   Skills:
 + Level 10.7 Fighting
 * Level 13.9 Axes
 + Level 10.7 Armour
 + Level 10.7 Shields
 + Level 6.3 Invocations


You had 11 spell levels left.
You didn't know any spells.
Your spell library was empty.

Dungeon Overview and Level Annotations

Branches:
Dungeon (12/15)            Temple (1/1) D:6            Lair (0/6) D:11
    Orc (0/2) D:11

Altars:
Ashenzari
Cheibriados
Dithmenos
Elyvilon
Fedhas
Gozag
Hepliaklqana
Kikubaaqudgha
Makhleb
Nemelex Xobeh
Okawaru
Qazlal
Ru
Sif Muna
Trog
Uskayaw
Vehumet
Wu Jian
Xom
Yredelemnul
Zin
The Shining One


Innate Abilities, Weirdness & Mutations

You have a pair of horns on your head.
You reflexively headbutt those who attack you in melee.


Message History

The nine-headed hydra barely misses you.
You block the nine-headed hydra's attack.
The nine-headed hydra bites you. x2
The nine-headed hydra bites you but does no damage. x2
The nine-headed hydra closely misses you.
You hack one of the nine-headed hydra's heads off!
The eight-headed hydra grows two more!
You slash the ten-headed hydra!
Your headbutt misses the ten-headed hydra.
The ten-headed hydra is moderately wounded.
You block the ten-headed hydra's attack.
The ten-headed hydra misses you.
The ten-headed hydra bites you but does no damage. x3
You block the ten-headed hydra's attack.
The ten-headed hydra barely misses you. The ten-headed hydra bites you.
The ten-headed hydra misses you. The ten-headed hydra bites you!
You barely miss the ten-headed hydra. You headbutt the ten-headed hydra!
The ten-headed hydra is moderately wounded.
The ten-headed hydra misses you. You furiously retaliate!
You headbutt the ten-headed hydra!
The ten-headed hydra bites you but does no damage.
The ten-headed hydra bites you.
You block the ten-headed hydra's attack.
The ten-headed hydra bites you but does no damage.
The ten-headed hydra misses you.
The ten-headed hydra bites you but does no damage. x3
The ten-headed hydra closely misses you.
You slice one of the ten-headed hydra's heads off!
The nine-headed hydra grows two more!
You slice the 11-headed hydra!! You headbutt the 11-headed hydra!
The 11-headed hydra is severely wounded.
You block the 11-headed hydra's attack. The 11-headed hydra closely misses you.
The 11-headed hydra bites you!
The 11-headed hydra bites you but does no damage.
The 11-headed hydra bites you!
The 11-headed hydra bites you but does no damage. x2
The 11-headed hydra bites you.
The 11-headed hydra bites you but does no damage.
The 11-headed hydra bites you. The 11-headed hydra bites you!
You chop one of the 11-headed hydra's heads off!
The ten-headed hydra grows two more!
You slash the 12-headed hydra!
The 12-headed hydra is severely wounded.
The 12-headed hydra closely misses you. You block the 12-headed hydra's attack.
The 12-headed hydra bites you but does no damage.
The 12-headed hydra closely misses you.
The 12-headed hydra bites you but does no damage. x3
The 12-headed hydra bites you. x2
The 12-headed hydra bites you but does no damage.
The 12-headed hydra closely misses you.
The 12-headed hydra bites you but does no damage.
You chop one of the 12-headed hydra's heads off!
The 11-headed hydra grows two more!
You slash the 13-headed hydra! You headbutt the 13-headed hydra!
The 13-headed hydra is almost dead.
The 13-headed hydra bites you! You block the 13-headed hydra's attack.
The 13-headed hydra barely misses you. The 13-headed hydra bites you. x2
The 13-headed hydra barely misses you. x2
The 13-headed hydra bites you but does no damage.
The 13-headed hydra bites you!
* * * LOW HITPOINT WARNING * * *
The 13-headed hydra bites you but does no damage.
The 13-headed hydra barely misses you. You block the 13-headed hydra's attack.
The 13-headed hydra bites you but does no damage.
You are too injured to fight recklessly!
You are too injured to fight recklessly!
You are too injured to fight recklessly!
You are too injured to fight recklessly!
Okay, then.
Aiming: Corrosive Bolt
Press: ? - help, Shift-Dir - straight line, f - 13-headed hydra
Aim: a 13-headed hydra (almost dead, 90% to hit)
The bolt of acid misses the 13-headed hydra.
The 13-headed hydra closely misses you.
The 13-headed hydra bites you but does no damage.
The 13-headed hydra bites you.
* * * LOW HITPOINT WARNING * * *
The 13-headed hydra bites you.
The 13-headed hydra bites you but does no damage. x3
The 13-headed hydra bites you.
* * * LOW HITPOINT WARNING * * *
The 13-headed hydra bites you.
* * * LOW HITPOINT WARNING * * *
The 13-headed hydra bites you but does no damage.
You block the 13-headed hydra's attack. The 13-headed hydra barely misses you.
You block the 13-headed hydra's attack.
Aiming: Corrosive Bolt
Press: ? - help, Shift-Dir - straight line, f/p - 13-headed hydra
Aim: a 13-headed hydra (almost dead, 90% to hit)
The bolt of acid misses the 13-headed hydra.
You block the 13-headed hydra's attack. The 13-headed hydra bites you!
* * * LOW HITPOINT WARNING * * *
The 13-headed hydra closely misses you. You block the 13-headed hydra's attack.
The 13-headed hydra bites you!
* * * LOW HITPOINT WARNING * * *
The 13-headed hydra bites you.
* * * LOW HITPOINT WARNING * * *
The 13-headed hydra bites you but does no damage. x2
You block the 13-headed hydra's attack. The 13-headed hydra closely misses you.
The 13-headed hydra bites you but does no damage.
The 13-headed hydra barely misses you. The 13-headed hydra bites you.
You die...

##..(.....##..###.....#
#..)......#..####.....#
......................#
.....)..........#.....#
............####..#.###
..........### #.##.#
....††)...# #.##.#
#...#.).#.# #.##.#
###...##..# #@##.#
###.#.# #.# #D...#
[.....###.# #....#
###...>##.# #....#
<.......#.# #....#
#####...# #....# #
#...# #....# .####...#
#....# ......###


You could see a 13-headed hydra.

Vanquished Creatures
  Snorg (D:11)
  3 two-headed ogres
  A deep elf pyromancer (D:8)
  A cyclops (D:11)
  3 ugly things
  A manticore (D:12)
  2 gargoyles
  An unseen horror (D:11)
  A komodo dragon (D:11)
  Grinder (D:3)
  3 trolls
  A hornet (D:8)
  A shadow (D:11)
  A wraith (D:12)
  A wyvern (D:8)
  25 yaks
  A steam dragon (D:8)
  An acid dragon (D:12)
  3 water moccasins
  A two-headed ogre zombie (D:11)
  A hornet zombie (D:6)
  4 sky beasts
  4 orc warriors
  2 black bears (D:4)
  3 necrophages
  3 ice beasts
  2 ogres
  4 centaurs
  2 phantoms
  2 kobold brigands
  A gnoll sergeant (D:10)
  3 bullfrogs
  2 scorpions (D:7)
  A troll zombie (D:11)
  4 wights
  6 killer bees (D:11)
  2 howler monkeys (D:9)
  3 centaur zombies
  A jelly (D:6)
  A gnoll shaman (D:9)
  6 orc priests
  A bullfrog skeleton (D:6)
  10 orc wizards
  3 iguanas
  6 ogre zombies (D:11)
  A hound skeleton (D:4)
  2 howler monkey zombies
  17 gnolls
  A howler monkey skeleton (D:7)
  6 adders
  2 white imps
  2 ufetubi
  A worm (D:2)
  A dart slug (D:1)
  32 orcs
  7 endoplasms
  5 goblins
  5 hobgoblins
  6 quokkas
  6 ball pythons
  6 bats
  7 frilled lizards
  2 goblin skeletons (D:11)
  6 goblin zombies (D:11)
  2 hobgoblin skeletons (D:11)
  2 hobgoblin zombies (D:11)
  16 kobolds
  An orc skeleton (D:11)
  12 orc zombies (D:11)
  7 rats
285 creatures vanquished.

Vanquished Creatures (others)
  33 plants
33 creatures vanquished.

Grand Total: 318 creatures vanquished

Notes
Turn   | Place    | Note
-------+----------+-------------------------------------------
     0 | D:1      | EnegeticOcto the Minotaur Fighter began the quest for the
                  | Orb.
     0 | D:1      | Reached XP level 1. HP: 19/19 MP: 0/0
   177 | D:1      | Reached XP level 2. HP: 27/27 MP: 1/1
   249 | D:1      | Reached skill level 3 in Axes
   325 | D:1      | Reached XP level 3. HP: 32/33 MP: 2/2
  1029 | D:2      | Reached XP level 4. HP: 32/40 MP: 3/3
  1165 | D:3      | Identified a scroll of acquirement
  1165 | D:3      | Acquired 471 gold pieces
  1516 | D:3      | Reached skill level 4 in Axes
  1554 | D:3      | Noticed Grinder
  1556 | D:3      | Noticed an ogre
  1564 | D:3      | Killed Grinder
  1565 | D:3      | Reached skill level 5 in Fighting
  1565 | D:3      | Reached skill level 5 in Axes
  1565 | D:3      | Reached XP level 5. HP: 42/48 MP: 4/4
  1565 | D:3      | Reached XP level 6. HP: 49/56 MP: 5/5
  1569 | D:3      | Reached skill level 5 in Armour
  1569 | D:3      | Reached skill level 5 in Shields
  1780 | D:3      | Found a faded altar of an unknown god.
  1854 | D:3      | Found a hide-covered altar of Uskayaw.
  2148 | D:4      | Reached skill level 6 in Axes
  2148 | D:4      | Reached XP level 7. HP: 61/61 MP: 6/6
  2901 | D:5      | Entered Level 5 of the Dungeon
  2921 | D:5      | Reached skill level 7 in Axes
  3118 | D:5      | Reached XP level 8. HP: 63/70 MP: 5/7
  3576 | D:5      | Reached skill level 8 in Axes
  3921 | D:6      | Found a staircase to the Ecumenical Temple.
  3965 | Temple   | Entered the Ecumenical Temple
  4414 | D:6      | Reached skill level 9 in Axes
  4670 | D:6      | Reached XP level 9. HP: 79/79 MP: 8/8
  5070 | D:7      | Found an iron altar of Okawaru.
  5210 | D:7      | Became a worshipper of Warmaster Okawaru
  5413 | D:7      | Reached skill level 1 in Invocations
  5493 | D:7      | Reached skill level 10 in Axes
  5511 | D:7      | Reached * piety under Okawaru
  5830 | D:8      | Noticed a two-headed ogre
  5836 | D:8      | Killed a two-headed ogre
  5836 | D:8      | Reached ** piety under Okawaru
  5881 | D:8      | Noticed a deep elf pyromancer
  5901 | D:8      | Killed a deep elf pyromancer
  5902 | D:8      | Reached XP level 10. HP: 22/90 MP: 3/11
  5912 | D:8      | Noticed a two-headed ogre
  6180 | D:8      | Killed a two-headed ogre
  6180 | D:8      | Reached *** piety under Okawaru
  6181 | D:8      | Reached skill level 11 in Axes
  6709 | D:8      | Found a shadowy altar of Dithmenos.
  6970 | D:8      | Found an ancient bone altar of Kikubaaqudgha.
  7155 | D:9      | Found an opulent altar of Gozag.
  7282 | D:9      | Reached **** piety under Okawaru
  7534 | D:9      | Found a sacrificial altar of Ru.
  7938 | D:9      | Found a hazy altar of Hepliaklqana.
  8020 | D:10     | Entered Level 10 of the Dungeon
  8078 | D:10     | Reached skill level 12 in Axes
  8116 | D:10     | Found a sparkling altar of Nemelex Xobeh.
  8116 | D:10     | Found a shimmering blue altar of Sif Muna.
  8117 | D:10     | Found a white marble altar of Elyvilon.
  8342 | D:10     | Reached XP level 11. HP: 97/97 MP: 11/13
  8755 | D:11     | Found a staircase to the Orcish Mines.
  8776 | D:11     | Reached skill level 5 in Invocations
  8907 | D:11     | Reached ***** piety under Okawaru
  8916 | D:11     | Reached skill level 10 in Fighting
  8952 | D:11     | Noticed Snorg
  8975 | D:11     | Killed Snorg
  8976 | D:11     | Reached skill level 13 in Axes
  8976 | D:11     | Reached skill level 10 in Armour
  8976 | D:11     | Reached skill level 10 in Shields
  9411 | D:11     | Found a staircase to the Lair.
  9780 | D:11     | Noticed a brown ugly thing
  9791 | D:11     | Noticed a green ugly thing
  9793 | D:11     | Killed a brown ugly thing
  9808 | D:11     | Killed a green ugly thing
  9932 | D:11     | Noticed a +3 hand axe
  9933 | D:11     | Noticed a +0 hand axe
  9936 | D:11     | Found a hide-covered altar of Uskayaw.
 10218 | D:12     | Noticed a two-headed ogre
 10221 | D:12     | Noticed a brown ugly thing
 10228 | D:12     | Killed a two-headed ogre
 10240 | D:12     | Killed a brown ugly thing
 10524 | D:12     | Received a gift from Okawaru
 10525 | D:12     | Reached XP level 12. HP: 91/108 MP: 11/15
 11003 | D:12     | Noticed a seven-headed hydra
 11014 | D:12     | HP: 2/108 [13-headed hydra (7)]
 11014 | D:12     | Slain by a 13-headed hydra

Illustrated notes

Levels and vault maps discovered:
D:1:      sevenhm_arrival_forest_fort_large_2, layout_basic
D:2:      layout_basic
D:3:      layout_loops_ring, lemuel_coloured_pillars_altar,
          hellmonk_ecumenical_altar_slurped_away, uniq_grinder
D:4:      layout_gridville, saegor_snake_ambush
D:5:      layout_gridville, minmay_strange_pillars, kennysheep_generic_room_9
D:6:      layout_basic, minmay_temple_entry_hall
D:7:      layout_rooms, okawaru_metal_pillars_1_2, kennysheep_generic_room_2
D:8:      layout_basic, kiku_gazebo_garden_becter, marbit_many_paths,
          glass_columns_b, minmay_misc_feat_doors, minmay_between
D:9:      layout_basic, lemuel_round_altar, nicolae_ru_path_of_blood,
          grunt_gozag_statues
D:10:     layout_roguey, chequers_temple_overflow_statue_of_worship
D:11:     layout_loops_ring, david_lair_shrubbed, zombieorc2_lemuel,
          chequers_serial_rivers_micro_b, dancing_weapons_uskayaw, uniq_snorg
D:12:     layout_rooms, patterned_corridor
Temple:   hc_temple_tempest_star

Skill      XL: |  1  2  3  4  5  6  7  8  9 10 11 |
---------------+----------------------------------+-----
Axes           | 3 5 6 7 9 10 12 13 | 13.9
Fighting       | 4 5 6 7 8 9 10 | 10.7
Shields        | 4 5 6 7 8 9 10 | 10.7
Armour         | 4 5 6 7 8 9 10 | 10.7
Invocations    | 3 4 6 |  6.3

Action                   |  1- 3 |  4- 6 |  7- 9 | 10-12 || total
-------------------------+-------+-------+-------+-------++-------
Melee: War axe           |    83 |    61 |   279 |   437 ||   860
       Headbutt          |    11 |    16 |    60 |   122 ||   209
Invok: Heroism           |       |       |     1 |     8 ||     9
Evoke: Wand              |       |       |       |     2 ||     2
  Use: Scroll            |       |     6 |    11 |     5 ||    22
       Potion            |       |       |       |     2 ||     2
Armor: Scale mail        |    20 |       |       |       ||    20
       Plate armour      |    41 |    45 |   183 |   208 ||   477
Dodge: Dodged            |    13 |     7 |    68 |   156 ||   244
Block: Kite shield       |    53 |    40 |   186 |   255 ||   534
